 Dungeon Crawl Stone Soup version 0.23-a0-456-gc514d67198 (webtiles) character file.

196 Hercules1031 the Shield-Bearer (level 5, 0/47 HPs)
             Began as a Gnoll Fighter on Nov 25, 2018.
             Slain by a phantom (6 damage)
             ... on level 2 of the Dungeon.
             The game lasted 00:05:27 (1516 turns).

Hercules1031 the Shield-Bearer (Gnoll Fighter)      Turns: 1516, Time: 00:05:28

Health: 0/47       AC:  9    Str: 24    XL:     5   Next: 75%
Magic:  7/7        EV:  9    Int: 16    God:
Gold:   149        SH:  0    Dex: 14    Spells: 7/7 levels left

rFire    + . .     SeeInvis .   a - +0 war axe
rCold    + . .     Gourm    .   c - +1 shield
rNeg     . . .     Faith    .   b - +0 scale mail
rPois    +         Spirit   .   (no helmet)
rElec    +         Reflect  .   (no cloak)
rCorr    +         Harm     .   j - +0 pair of gloves
MR       .....                  (no boots)
Stlth    ..........             (no amulet)
HPRegen  0.15/turn              (no ring)
MPRegen  0.10/turn              (no ring)

@: confused, mighty, brilliant, resistant
A: distributed training, fangs 1, strong nose
a: no special abilities


You were on level 2 of the Dungeon.
You were full.

You visited 1 branch of the dungeon, and saw 2 of its levels.

You collected 149 gold pieces.

Inventory:

Hand Weapons
 a - a +0 war axe (weapon)
Armour
 b - a +0 scale mail (worn)
 c - a +1 shield (worn)
 j - a +0 pair of gloves (worn)
Scrolls
 e - 2 scrolls of identify
Potions
 g - a potion of brilliance
 l - a potion of haste {unknown}
 m - a potion of curing {unknown}
Comestibles
 f - a ration


   Skills:
 + Level 6.7 Fighting
 + Level 1.6 Short Blades
 + Level 1.6 Long Blades
 + Level 4.8 Axes
 + Level 1.6 Maces & Flails
 + Level 1.6 Polearms
 + Level 1.6 Staves
 + Level 1.6 Slings
 + Level 1.6 Bows
 + Level 1.6 Crossbows
 + Level 1.6 Throwing
 + Level 6.7 Armour
 + Level 1.6 Dodging
 + Level 1.6 Stealth
 + Level 6.7 Shields
 + Level 1.6 Unarmed Combat
 + Level 1.6 Spellcasting
 + Level 1.2 Conjurations
 + Level 1.2 Hexes
 + Level 1.2 Charms
 + Level 1.2 Summonings
 + Level 1.2 Necromancy
 + Level 1.2 Translocations
 + Level 1.2 Transmutations
 + Level 1.2 Fire Magic
 + Level 1.2 Ice Magic
 + Level 1.2 Air Magic
 + Level 1.2 Earth Magic
 + Level 1.2 Poison Magic
 + Level 1.8 Invocations
 + Level 1.6 Evocations


You had 7 spell levels left.
You didn't know any spells.
Your spell library was empty.

Dungeon Overview and Level Annotations

Branches:
Dungeon (2/15)

Altars:
Kikubaaqudgha
Qazlal
Xom
Yredelemnul

Annotations:
D:2 1 transporter, Menkaure


Innate Abilities, Weirdness & Mutations

Your experience applies equally to all skills.
You have very sharp teeth.
Your uncanny sense of smell can sniff out nearby items.


Message History

It was a potion of resistance.
You feel protected.
Menkaure calls on the powers of darkness!
Your body is wracked with pain!
* * * LOW HITPOINT WARNING * * *
The adder skeleton bites you.
* * * LOW HITPOINT WARNING * * *
You block the phantom's attack.
The shadow imp hits you but does no damage.
Menkaure completely misses you.
It was a potion of ambrosia.
You are confused.
You feel invigorated. The adder skeleton bites you.
* * * LOW HITPOINT WARNING * * *
The shadow imp completely misses you.
Menkaure calls on the powers of darkness!
Your body is wracked with pain!
* * * LOW HITPOINT WARNING * * *
The phantom hits you.
You die...

#.###.#...####### #.#
#.......©.......# #.# ###
#.#############.# #.# ..#
#.#W5$_}⌠!_$}©#.# #.# #.#
#.#WZ.....W...#.# #.# #.##
#.#Z.##...##..#(# #.# ...#
#.#..#8...8#..#.# #.#### #..#
#.#..##..5##..#.# #....#
#.†######.#....W@.....#.# ####.#
#..<......#..##.MZ##..#.######.##
##........#..#8...8#..#.##......†
########.#..##...##..#.##.###.##
####.#...........#.##.# #.##
#....#.!.........#.##.###.##
#.##.#############.##.#...##
#.##.......©.......##.#.####
#.########...##.#####.#.# #


You could see 2 phantoms, Menkaure, a shadow imp and an adder skeleton.

Vanquished Creatures
  A phantom (D:2)
  4 adders (D:2)
  2 oozes
  3 dart slugs (D:1)
  8 bats
  7 giant cockroaches (D:1)
  5 goblins
  4 hobgoblins
  3 jackals (D:2)
  5 kobolds
  A ball python (D:1)
  6 frilled lizards
  A leopard gecko skeleton (D:2)
  7 rats
57 creatures vanquished.

Notes
Turn   | Place    | Note
-------+----------+-------------------------------------------
     0 | D:1      | Hercules1031 the Gnoll Fighter began the quest for the Orb.
     0 | D:1      | Reached XP level 1. HP: 23/23 MP: 1/1
    94 | D:1      | Reached XP level 2. HP: 29/29 MP: 2/2
   240 | D:1      | Reached XP level 3. HP: 32/35 MP: 3/3
   527 | D:1      | Reached skill level 1 in Invocations
   777 | D:2      | Reached skill level 1 in Short Blades
   777 | D:2      | Reached skill level 1 in Long Blades
   777 | D:2      | Reached skill level 1 in Maces & Flails
   777 | D:2      | Reached skill level 1 in Polearms
   777 | D:2      | Reached skill level 1 in Staves
   777 | D:2      | Reached skill level 1 in Slings
   777 | D:2      | Reached skill level 1 in Bows
   777 | D:2      | Reached skill level 1 in Crossbows
   777 | D:2      | Reached skill level 1 in Throwing
   777 | D:2      | Reached skill level 1 in Dodging
   777 | D:2      | Reached skill level 1 in Stealth
   777 | D:2      | Reached skill level 1 in Unarmed Combat
   777 | D:2      | Reached skill level 1 in Spellcasting
   777 | D:2      | Reached skill level 1 in Evocations
   777 | D:2      | Reached XP level 4. HP: 37/41 MP: 5/5
   783 | D:2      | Found an ancient bone altar of Kikubaaqudgha.
   783 | D:2      | Found a basalt altar of Yredelemnul.
   784 | D:2      | Noticed Menkaure
   786 | D:2      | Found a transporter.
   805 | D:2      | Noticed a phantom
   808 | D:2      | Found a transporter.
  1003 | D:2      | Noticed a phantom
  1074 | D:2      | Killed a phantom
  1074 | D:2      | Reached skill level 1 in Conjurations
  1074 | D:2      | Reached skill level 1 in Hexes
  1074 | D:2      | Reached skill level 1 in Charms
  1074 | D:2      | Reached skill level 1 in Summonings
  1074 | D:2      | Reached skill level 1 in Necromancy
  1074 | D:2      | Reached skill level 1 in Translocations
  1074 | D:2      | Reached skill level 1 in Transmutations
  1074 | D:2      | Reached skill level 1 in Fire Magic
  1074 | D:2      | Reached skill level 1 in Ice Magic
  1074 | D:2      | Reached skill level 1 in Air Magic
  1074 | D:2      | Reached skill level 1 in Earth Magic
  1074 | D:2      | Reached skill level 1 in Poison Magic
  1074 | D:2      | Reached XP level 5. HP: 33/47 MP: 5/7
  1115 | D:2      | Found a stormy altar of Qazlal.
  1191 | D:2      | Found a shimmering altar of Xom.
  1310 | D:2      | Noticed a phantom
  1516 | D:2      | Slain by a phantom

Vault maps used:
D:1:      minmay_arrival_four_houses, minmay_worlds_worst_comb
D:2:      grunt_qazlal_clouds, gammafunk_temple_of_torment, lemuel_tele_altar

Skill      XL: |  1  2  3  4 |
---------------+-------------+-----
Invocations    | 1 |  1.8
Short Blades   | 1 |  1.6
Long Blades    | 1 |  1.6
Maces & Flails | 1 |  1.6
Polearms       | 1 |  1.6
Staves         | 1 |  1.6
Slings         | 1 |  1.6
Bows           | 1 |  1.6
Crossbows      | 1 |  1.6
Throwing       | 1 |  1.6
Dodging        | 1 |  1.6
Stealth        | 1 |  1.6
Unarmed Combat | 1 |  1.6
Spellcasting   | 1 |  1.6
Evocations     | 1 |  1.6
Conjurations   | 1 |  1.2
Hexes          | 1 |  1.2
Charms         | 1 |  1.2
Summonings     | 1 |  1.2
Necromancy     | 1 |  1.2
Translocations | 1 |  1.2
Transmutations | 1 |  1.2
Fire Magic     | 1 |  1.2
Ice Magic      | 1 |  1.2
Air Magic      | 1 |  1.2
Earth Magic    | 1 |  1.2
Poison Magic   | 1 |  1.2
Fighting       | |  6.7
Axes           | |  4.8
Armour         | |  6.7
Shields        | |  6.7

Action                   |  1- 3 |  4- 6 || total
-------------------------+-------+-------++-------
Melee: War axe           |   110 |    92 ||   202
       Bite              |     7 |     8 ||    15
  Use: Scroll            |     2 |     1 ||     3
       Potion            |       |     4 ||     4
  Eat: Ration            |       |     2 ||     2
Armor: Scale mail        |    34 |    36 ||    70
Dodge: Dodged            |    34 |    37 ||    71
Block: Shield            |    74 |    64 ||   138

Table legend:
 A = Non-vault XP
 B = Vault XP
 C = Vault XP percentage of total XP
 D = Non-vault monster count
 E = Vault monster count
 F = Vault count percentage of total count
                 A         B        C        D         E       F
            +---------+---------+-------+---------+---------+-------
      Total |     270 |      11 |   3.9 |      51 |       6 |  10.5
            +---------+---------+-------+---------+---------+-------
        D:1 |      59 |      10 |  14.5 |      31 |       5 |  13.9
        D:2 |     211 |       1 |   0.5 |      20 |       1 |   4.8
            +---------+---------+-------+---------+---------+-------
